 Dungeon Crawl Stone Soup version 0.29.1-4-g47bece8355 (webtiles) character file.

Game seed: 7295454331396613711

156 iamoutofideas the Chopper (level 5, -1/47 HPs)
             Began as a Hill Orc Berserker on Dec 8, 2022.
             Was a Believer of Trog.
             Slain by a gnoll
             ... wielding a +0 spear
              (3 damage)
             ... on level 3 of the Dungeon.
             The game lasted 00:03:47 (2678 turns).

iamoutofideas the Chopper (Hill Orc Berserker)      Turns: 2678, Time: 00:03:48

Health: -1/47      AC:  5    Str: 22    XL:     5   Next: 38%
Magic:  5/5        EV: 12    Int:  7    God:    Trog [**....]
Gold:   35         SH:  0    Dex: 10    Spells: 4/4 levels left

rFire   . . .      SeeInvis .   a - +0 hand axe
rCold   . . .      Faith    +   (no shield)
rNeg    . . .      Spirit   .   b - +0 animal skin
rPois   .          Reflect  .   (no helmet)
rElec   .          Harm     .   f - +2 cloak
rCorr   .          Rampage  .   (no gloves)
Will    .....                   (no boots)
Stlth   +.........              c - amulet of faith
HPRegen 0.15/turn               (no ring)
MPRegen 0.09/turn               (no ring)

@: no status effects
A: no striking features
a: Renounce Religion, Berserk, Trog's Hand


You were on level 3 of the Dungeon.
You worshipped Trog.
Trog was pleased with you.
You visited 1 branch of the dungeon, and saw 3 of its levels.

You collected 168 gold pieces.
You spent 133 gold pieces at shops.

Inventory:

Hand Weapons
 a - a +0 hand axe (weapon)
Armour
 b - a +0 animal skin (worn)
 f - a +2 cloak (worn)
 g - a +1 buckler of protection
 j - a +0 plate armour
Jewellery
 c - an amulet of faith (around neck)
Wands
 k - a wand of roots (8)
Scrolls
 d - a scroll of summoning
 l - a scroll of brand weapon
Potions
 e - a potion of lignification
 i - a potion of invisibility
 m - a potion of mutation {unknown}


   Skills:
 - Level 4.4 Fighting
 - Level 5.3 Axes
 - Level 2.4 Armour
 - Level 2.0 Dodging
 + Level 3.2 Shields


You had 4 spell levels left.
You didn't know any spells.
Your spell library contained the following spells:

 Spells                   Type           Power      Damage    Failure   Level
 Sublimation of Blood     Necr           0%         N/A       56%         2
 Airstrike                Air            0%         2d(0-16)  99%         4
 Petrify                  Tmut/Erth      0%         N/A       99%         4
 Summon Lightning Spire   Summ/Air       0%         N/A       99%         4
 Irradiate                Conj/Tmut      0%         3d11      100%        5
 Lightning Bolt           Conj/Air       0%         1d11      100%        5


Dungeon Overview and Level Annotations

Branches:
Dungeon (3/15)

Altars:

Shops:
D:3 ?

Annotations:
D:3 2 transporters, Mune's ghost, amateur TrFi


Message History

A frilled lizard comes into view.
You hit the frilled lizard.
You kill the frilled lizard!
Trog accepts your kill.
You hear the brisk rusting of a very distant drain.
You open the door.
An adder, 4 gnolls, a dart slug and a frilled lizard come into view.
The adder hisses angrily.
The gnoll shouts!
The frilled lizard hisses angrily.
The gnoll shouts! x2
Found an escape hatch in the ceiling.
Found a stone staircase leading down and a stone staircase leading up.
The gnoll hits you from afar with a +0 spear.
There is an open door here.
The dart slug launches a dart at you. The slug dart misses you.
The gnoll hits you with a +0 club. The gnoll hits you with a +0 spear.
The gnoll hits you from afar with a +0 halberd!
Okay, then.
As you read the scroll of summoning, it crumbles to dust.
Wisps of shadow whirl around you... The gnoll misses you.
The gnoll hits you with a +0 spear. The gnoll misses you.
The dart slug bites you.
* * * LOW HITPOINT WARNING * * *
Unknown command.
You fade into invisibility!
Your bat barely misses the adder.
The gnoll barely misses you. x2
The gnoll hits you from afar with a +0 halberd!
* * * LOW HITPOINT WARNING * * *
Your ball python bites the adder.
Your ball python misses the adder.
The dart slug bites you.
* * * LOW HITPOINT WARNING * * *
Okay, then.
It was a potion of cancellation.
Your magical effects are unravelling.
You feel magically purged.
You flicker back into view.
Your bat hits the dart slug but does no damage.
Your bat hits the dart slug. The gnoll closely misses you.
The gnoll hits you with a +0 spear.
You die...

.#..............## #.##
.#.##........#...###..#
....^........###..o...#
.##.#...>........o....#
.##.###.#############.#
........####...##..##.#
.........##8.l8##
..........##...#
.........######
........## #########


You could see 4 gnolls, an adder (ally target), a dart slug (ally target), 2
orcs, a frilled lizard, a friendly bat (summoned) and a friendly ball python
(summoned).

Vanquished Creatures
  An orc wizard (D:3)
  4 adders
  3 worms
  3 dart slugs
  2 orcs (D:3)
  6 endoplasms
  A giant cockroach (D:2)
  5 goblins
  2 hobgoblins
  7 jackals (D:2)
  5 quokkas
  6 ball pythons
  10 bats
  A frilled lizard (D:3)
  5 kobolds
  21 rats
82 creatures vanquished.

Notes
Turn   | Place    | Note
-------+----------+-------------------------------------------
     0 | D:1      | iamoutofideas the Hill Orc Berserker began the quest for
                  | the Orb.
     0 | D:1      | Reached XP level 1. HP: 19/19 MP: 1/1
    56 | D:1      | Found a faded altar of an unknown god.
   182 | D:1      | Reached XP level 2. HP: 21/27 MP: 2/2
  1041 | D:2      | Reached XP level 3. HP: 33/33 MP: 3/3
  1429 | D:2      | Reached ** piety under Trog
  1745 | D:2      | Reached skill level 5 in Axes
  1849 | D:2      | Reached XP level 4. HP: 12/41 MP: 4/4
  2295 | D:3      | Identified a scroll of acquirement
  2295 | D:3      | Acquired a +1 buckler of protection
  2322 | D:3      | Found Birik's Magic Scroll Emporium.
  2347 | D:3      | Bought a scroll of brand weapon for 133 gold pieces
  2362 | D:3      | Reached skill level 1 in Shields
  2499 | D:3      | Reached XP level 5. HP: 26/47 MP: 5/5
  2589 | D:3      | Found a transporter.
  2589 | D:3      | Found a transporter.
  2590 | D:3      | Noticed Mune's ghost (amateur TrFi)
  2677 | D:3      | HP: 2/47 [dart slug (2)]
  2678 | D:3      | Slain by a gnoll

Illustrated notes

Levels and vault maps discovered:
D:1:      scummos_arrival_forest, layout_basic,
          chequers_ecumenical_altar_simple_redux, minivault_11,
          skrybe_limestone_x, nrook_mini_vaults
D:2:      layout_loops_cross
D:3:      layout_rooms, portal_sewer_entry_e, gammafunk_ghost_mausoleum,
          serial_shops, nicolae_shop_hallway_plus, grunt_ministairs_7,
          minmay_rat_hole

Skill      XL: |  1  2  3  4  5 |
---------------+----------------+-----
Fighting       | 4 |  4.4
Axes           | 5 |  5.3
Dodging        | 2 |  2.0
Shields        | 2 3 |  3.2
Armour         | |  2.4

Action                   |  1- 3 |  4- 6 || total
-------------------------+-------+-------++-------
Melee: Hand axe          |   156 |    87 ||   243
       Punch             |       |     1 ||     1
Invok: Berserk           |     1 |     3 ||     4
       Trog's Hand       |       |     2 ||     2
  Use: Scroll            |       |     5 ||     5
       Potion            |       |     2 ||     2
Armor: Animal skin       |    62 |    31 ||    93
Dodge: Dodged            |    96 |    54 ||   150
